 Dungeon Crawl Stone Soup version 0.31-a0-1227-g0136665373 (webtiles) character file.

Game seed: 3854924560172275430

604 jlumianski the Ruffian (level 7, -4/79 HPs)
             Began as a Gnoll Shapeshifter on Dec 15, 2023.
             Succumbed to Maggie's poison
             ... on level 6 of the Dungeon.
             The game lasted 00:13:50 (3001 turns).

jlumianski the Ruffian (Gnoll Shapeshifter)         Turns: 3001, Time: 00:13:51

Health: -4/79      AC: 23    Str: 19    XL:     7   Next: 42%
Magic:  10/10      EV:  2    Int: 14    God:
Gold:   230        SH:  0    Dex: 11    Spells: 7/11 levels left

rFire   . .          .
                       - Unarmed
rCold   . . .        (no shield)
rNeg    . . .        g - melded +0 ring mail
rPois   +            (helmet currently unavailable)
rElec   .            j - melded +0 cloak
rCorr   .            N - melded +0 pair of gloves
SInv    .            C - melded +0 pair of boots
Will    .....        J - amulet of Vitality {RegenMP++ Regen++}
Stlth   ++           e - +6 ring of intelligence
HPRegen 1.93/turn    t - ring of flight
MPRegen 0.92/turn

%: no passive effects
@: lethally poisoned (-4 -> -36), tree-form, mesmerised
A: stationary, stasis, torment immunity, boosted hp, (fangs 1), strong nose,
distributed training, (fire resistance 1), strong 1, subdued magic 1
a: no special abilities


You were on level 6 of the Dungeon.
You were a tree.
You visited 1 branch of the dungeon, and saw 6 of its levels.

You collected 230 gold pieces.

Inventory:

Hand Weapons
 h - a +2 short sword of draining
 q - a +0 dagger of venom
 s - a +0 long sword
Missiles
 u - 6 boomerangs
 x - 6 poisoned darts
Armour
 a - a +0 animal skin
 g - a +0 ring mail (melded)
 j - a +0 cloak (melded)
 C - a +0 pair of boots (melded)
 I - a +0 scale mail
 N - a +0 pair of gloves (melded)
Magical Staves
 M - a staff of cold
Jewellery
 e - a +6 ring of intelligence (left branch)
 o - an amulet of the acrobat
 t - a ring of flight (right branch)
 E - a ring of ice
 J - the amulet of Vitality (around neck) {RegenMP++ Regen++}
   (You found it on level 3 of the Dungeon)

   [amulet of magic regeneration]

   RegenMP:   It increases your rate of magic regeneration.
   Regen++:   It increases your rate of health regeneration.
Talismans
 c - a beast talisman
 d - a flux talisman (active)
Wands
 D - a wand of roots (5)
Scrolls
 f - 2 scrolls of silence
 k - 3 scrolls of immolation
 l - a scroll of enchant armour {unknown}
 m - a scroll of revelation {unknown}
 n - a scroll of enchant weapon {unknown}
 r - a scroll of noise {unknown}
 y - a scroll of fear {unknown}
 A - 2 scrolls of fog
 B - a scroll of blinking
 K - a scroll of poison {unknown}
Potions
 i - a potion of resistance
 p - a potion of berserk rage
 w - a potion of brilliance
 F - a potion of enlightenment {unknown}
 G - a potion of attraction {unknown}
 H - a potion of curing {unknown}
 L - a potion of cancellation {unknown}


   Skills:
 + Level 3.6 Fighting
 + Level 2.5 Short Blades
 + Level 2.5 Long Blades
 + Level 2.5 Axes
 + Level 2.5 Maces & Flails
 + Level 2.5 Polearms
 + Level 2.5 Staves
 + Level 2.5 Ranged Weapons
 + Level 2.5 Throwing
 + Level 2.5 Armour
 + Level 5.2 Dodging
 + Level 2.5 Stealth
 + Level 2.5 Shields
 + Level 7.0 Unarmed Combat
 + Level 2.5 Spellcasting
 + Level 2.0 Conjurations
 + Level 2.0 Hexes
 + Level 2.0 Summonings
 + Level 2.0 Necromancy
 + Level 2.0 Translocations
 + Level 2.0 Transmutations
 + Level 2.0 Fire Magic
 + Level 2.0 Ice Magic
 + Level 2.0 Air Magic
 + Level 2.0 Earth Magic
 + Level 2.0 Poison Magic
 + Level 2.8 Invocations
 + Level 2.5 Evocations
 + Level 6.9 Shapeshifting


You had 7 spell levels left.
You knew the following spells:

 Your Spells              Type           Power      Damage    Failure   Level
a - Blink                 Tloc           10%        N/A       12%         2
b - Poisonous Vapours     Pois/Air       10%        N/A       12%         2

Your spell library contained the following spells:

 Spells                   Type           Power      Damage    Failure   Level
 Mephitic Cloud           Conj/Pois/Air  5%         N/A       24%         3
 Manifold Assault         Tloc           5%         N/A       63%         4
 Freezing Cloud           Conj/Ice/Air   2%         6-21      94%         5


Dungeon Overview and Level Annotations

Branches:
Dungeon (5/15)
 Temple: D:4-7

Altars:
The Shining One

Annotations:
D:6 Maggie


Innate Abilities, Weirdness & Mutations

You are a tree.
Your roots penetrate the ground, keeping you stationary.
You cannot be teleported.
You are immune to unholy pain and torment.
Your maximum health is greatly increased.
Your equipment is partially melded.
((You have very sharp teeth.))
Your uncanny sense of smell can sniff out nearby items.
Your experience applies equally to all skills.
((Your flesh is heat resistant. (rF+)))
Your muscles are strong. (Str +4, Int/Dex -1)
Your spells are a little easier to cast, but a little less powerful.


Message History

Maggie gives herself a magical halo, but it quickly sputters out.
Maggie barely misses you.
You barely miss Maggie.
Maggie is lightly wounded.
Maggie closely misses you.
You hit Maggie but do no damage.
Maggie glows dangerously bright.
Maggie is lightly wounded.
Maggie hits you with a +7 glaive of venom!!
You are poisoned.
You hit Maggie.
Maggie shudders as magic cascades through her!!
Maggie twists and deforms.
Maggie is heavily wounded.
You feel very sick.
Maggie hits you with a +7 glaive of venom!
* * * LOW HITPOINT WARNING * * *
You are lethally poisoned!
You are too mesmerised to rage.
Unknown command.
You feel much better.
You feel extremely sick.
Maggie casts a spell.
Maggie draws you further into her thrall.
You hit Maggie but do no damage.
Maggie begins to glow.
Maggie is heavily wounded.
You feel very sick.
It was a potion of mutation.
You feel extremely strange.
Your connection to magic feels subdued.
You feel stronger.
You feel resistant to heat.
You feel very sick.
Maggie hits you with a +7 glaive of venom!
* * * LOW HITPOINT WARNING * * *
You are more poisoned.
Your transformation has ended.
Your +0 ring mail unmelds from your body.
You turn into a tree.
Your +0 cloak melds into your body.
Your +0 pair of gloves melds into your body.
Your +0 pair of boots melds into your body.
Your +0 ring mail melds into your body.
Your roots penetrate the ground.
You die...

#.# #.###..###
#.###.........
###.##..####^###
#...##..# ....
#####..#..# .....
#.........#......
#.....#...^..._..
#.....#...#......
#..♣..#...#".....
#..@..+.>.# .....
#.....##..# ##^##
#.....##... ...
...######### #
#... #... ####


You could see Maggie (mesmerising, contam, misshapen).

Vanquished Creatures
  Grinder (D:3)
  The ghost of Hubris850 the Caller, an amateur GnWn (D:3)
  A phantom (D:5)
  A scorpion (D:6)
  2 iguanas
  7 adders
  5 dart slugs
  A worm (D:2)
  5 endoplasms
  2 giant cockroaches
  7 goblins
  5 hobgoblins
  3 jackals (D:1)
  7 quokkas
  2 ball pythons
  9 bats
  6 frilled lizards
  4 kobolds
  3 rats
72 creatures vanquished.

Notes
Turn   | Place    | Note
-------+----------+-------------------------------------------
     0 | D:1      | jlumianski the Gnoll Shapeshifter began the quest for the
                  | Orb.
     0 | D:1      | Reached XP level 1. HP: 17/17 MP: 1/1
   132 | D:1      | Reached XP level 2. HP: 17/23 MP: 2/2
   435 | D:1      | Reached XP level 3. HP: 28/28 MP: 3/3
   504 | D:2      | Reached skill level 1 in Invocations
   506 | D:2      | Reached skill level 1 in Short Blades
   506 | D:2      | Reached skill level 1 in Long Blades
   506 | D:2      | Reached skill level 1 in Axes
   506 | D:2      | Reached skill level 1 in Maces & Flails
   506 | D:2      | Reached skill level 1 in Polearms
   506 | D:2      | Reached skill level 1 in Staves
   506 | D:2      | Reached skill level 1 in Ranged Weapons
   506 | D:2      | Reached skill level 1 in Throwing
   506 | D:2      | Reached skill level 1 in Armour
   506 | D:2      | Reached skill level 1 in Stealth
   506 | D:2      | Reached skill level 1 in Shields
   506 | D:2      | Reached skill level 1 in Spellcasting
   506 | D:2      | Reached skill level 1 in Evocations
   534 | D:2      | Reached XP level 4. HP: 33/34 MP: 5/5
   587 | D:1      | Learned a level 2 spell: Blink
  1006 | D:2      | Reached skill level 1 in Conjurations
  1006 | D:2      | Reached skill level 1 in Hexes
  1006 | D:2      | Reached skill level 1 in Summonings
  1006 | D:2      | Reached skill level 1 in Necromancy
  1006 | D:2      | Reached skill level 1 in Translocations
  1006 | D:2      | Reached skill level 1 in Transmutations
  1006 | D:2      | Reached skill level 1 in Fire Magic
  1006 | D:2      | Reached skill level 1 in Ice Magic
  1006 | D:2      | Reached skill level 1 in Air Magic
  1006 | D:2      | Reached skill level 1 in Earth Magic
  1006 | D:2      | Reached skill level 1 in Poison Magic
  1749 | D:3      | Noticed Grinder
  1749 | D:3      | Paralysed by Grinder for 4 turns
  1765 | D:3      | Reached XP level 5. HP: 40/40 MP: 5/7
  1778 | D:3      | Killed Grinder
  1779 | D:3      | Reached skill level 5 in Dodging
  1779 | D:3      | Reached XP level 6. HP: 27/47 MP: 6/9
  2348 | D:3      | Found a runed translucent door.
  2348 | D:3      | Noticed Hubris850's ghost (amateur GnWn)
  2374 | D:3      | Killed Hubris850's ghost
  2375 | D:3      | Reached XP level 7. HP: 13/52 MP: 10/10
  2378 | D:3      | Found the amulet of Vitality {RegenMP++ Regen++}
  2590 | D:5      | Entered Level 5 of the Dungeon
  2611 | D:5      | Reached skill level 7 in Unarmed Combat
  2730 | D:4      | Learned a level 2 spell: Poisonous Vapours
  2778 | D:4      | You are sucked into a shaft and drop 2 floors!
  2982 | D:6      | Found a glowing golden altar of the Shining One.
  2988 | D:6      | Noticed Maggie
  3000 | D:6      | Gained mutation: Your spells are a little easier to cast,
                  | but a little less powerful. [potion of mutation]
  3000 | D:6      | Gained mutation: Your muscles are strong. (Str +4, Int/Dex
                  | -1) [potion of mutation]
  3000 | D:6      | Gained mutation: Your flesh is heat resistant. (rF+)
                  | [potion of mutation]
  3001 | D:6      | Succumbed to Maggie's poison

Illustrated notes

Levels and vault maps discovered:
D:1:      lemuel_arrival_lava_pool, layout_loops_cross
D:2:      layout_basic, minmay_misc_feat_enclosed
D:3:      minmay_evil_eye, layout_loops_ring, ebering_ghost_inner_flame,
          uniq_grinder
D:4:      layout_loops_cross, minmay_temple_entry_butterflies
D:5:      layout_layer_cave, dk_yredelemnul_ordeal, xom_redecorated,
          kennysheep_mini
D:6:      layout_basic, minmay_overflow_temple_star_hex, lemuel_tele_altar,
          serial_shops, nicolae_shop_rolling_square, grunt_ministairs_3,
          uniq_maggie

Skill      XL: |  1  2  3  4  5  6  7 |
---------------+----------------------+-----
Invocations    | 1 2 |  2.8
Short Blades   | 1 2 |  2.5
Long Blades    | 1 2 |  2.5
Axes           | 1 2 |  2.5
Maces & Flails | 1 2 |  2.5
Polearms       | 1 2 |  2.5
Staves         | 1 2 |  2.5
Ranged Weapons | 1 2 |  2.5
Throwing       | 1 2 |  2.5
Armour         | 1 2 |  2.5
Stealth        | 1 2 |  2.5
Shields        | 1 2 |  2.5
Spellcasting   | 1 2 |  2.5
Evocations     | 1 2 |  2.5
Conjurations   | 1 2 |  2.0
Hexes          | 1 2 |  2.0
Summonings     | 1 2 |  2.0
Necromancy     | 1 2 |  2.0
Translocations | 1 2 |  2.0
Transmutations | 1 2 |  2.0
Fire Magic     | 1 2 |  2.0
Ice Magic      | 1 2 |  2.0
Air Magic      | 1 2 |  2.0
Earth Magic    | 1 2 |  2.0
Poison Magic   | 1 2 |  2.0
Fighting       | 3 |  3.6
Dodging        | 5 |  5.2
Unarmed Combat | 7 |  7.0
Shapeshifting  | |  6.9

Action                     |  1- 3 |  4- 6 |  7- 9 || total
---------------------------+-------+-------+-------++-------
  Melee: Unarmed           |    49 |   110 |    26 ||   185
         Punch             |     2 |     1 |       ||     3
         Bite              |       |     7 |     1 ||     8
   Cast: Poisonous Vapours |       |       |     2 ||     2
    Use: Scroll            |     1 |     5 |     2 ||     8
         Potion            |       |     1 |     3 ||     4
 Armour: Animal skin       |     1 |       |       ||     1
         Ring mail         |    17 |    45 |     3 ||    65
         Skin              |       |       |     7 ||     7
  Dodge: Dodged            |    29 |    71 |    17 ||   117
   Form: Flux              |       |       |     1 ||     1

Table legend: (Time is in decaauts)
 A = Elapsed time spent in this place.
 B = Non-inter-level travel time spent in this place.
 C = Inter-level travel time spent in this place.
 D = Time resting spent in this place.
 E = Time spent auto-exploring this place.
 F = Levels seen in this place.
 G = Mean time per level.
                   A        B        C        D        E       F      G
               +--------+--------+--------+--------+--------+-----+--------+
         Total |   2983 |   2934 |     49 |     10 |   1554 |   6 |  497.2 |
       Dungeon |   2983 |   2934 |     49 |     10 |   1554 |   6 |  497.2 |
               +--------+--------+--------+--------+--------+-----+--------+

Top non-repeatable levels by time:
     D:3: 924 daAuts
     D:2: 793 daAuts
     D:1: 732 daAuts
     D:4: 243 daAuts
     D:6: 221 daAuts
     D:5: 67 daAuts
